AoeStats
← Oldspice

Hideout

503304002Analyzed
4v4 RM · 1mo ago on Aug 31, 2026· 39m 16s· 8 players
Game mode
Random Map
Map size
Large (8 player)
Population
200
Speed
Normal
Resources
Standard
Victory
Conquest
Starting age
Dark Age
Ending age
Imperial Age
RankedLock teamsTeams togetherTeam positionsShared explorationLock speedFull tech treeHidden civsTurbo modeCheats
Victory
Defeat
🇨🇳 Malay · China
1624
+12
🇺🇸 Bengalis · United States
1563
+15
🇻🇳 Tatars · Vietnam
1553
+16
🇧🇷 Slavs · Brazil
1502
+18
🇦🇺 Maya · Australia
1768
-25
🇳🇿 Chinese · New Zealand
1633
-19
🇦🇺 Wei · Australia
1499
-13
🇦🇺 Magyars · Australia
1275
-5
Oldspice
10:59 Feudal Age
15:05 Castle Age
13:24 Double-Bit Axe
14:48 Horse Collar
16:08 Bow Saw
16:03 Heavy Plow
21:37 Wheelbarrow
21:39 Gold Mining
21:49 Loom
23:46 Gold Shaft Mining
29:13 Imperial Age
27:01 Fletching
27:59 Ballistics
27:58 Bodkin Arrow
29:16 Padded Archer Armor
29:30 Elite Elephant Archer
30:11 Bracer
31:19 Leather Archer Armor
32:12 Chemistry
32:11 Hand Cart
32:30 Coinage
33:34 Scale Barding Armor
33:45 Light Cavalry
35:02 Ring Archer Armor
34:54 Chain Barding Armor
34:45 Forging
35:22 Paiks
36:02 Bloodlines
35:53 Husbandry
36:42 Banking
38:43 Iron Casting
39:54 Plate Barding Armor
8co
7:10 Loom
11:28 Feudal Age
15:41 Gold Mining
18:27 Castle Age
17:16 Fletching
24:08 Bodkin Arrow
25:05 Double-Bit Axe
26:18 Padded Archer Armor
27:30 Horse Collar
29:59 Wheelbarrow
31:52 Bow Saw
32:05 Gold Mining
38:45 Imperial Age
37:18 Heavy Plow
37:09 Stone Mining
37:55 Gold Shaft Mining
38:42 Ballistics
39:24 Leather Archer Armor
39:42 Bracer
离沐倾城winnie
5:27 Loom
6:23 Loom
8:53 Feudal Age
8:53 Double-Bit Axe
10:11 Horse Collar
15:46 Wheelbarrow
19:00 Castle Age
19:21 Bow Saw
25:19 Town Watch
27:15 Fletching
33:59 Imperial Age
32:44 Forging
33:36 Husbandry
33:42 Scale Barding Armor
34:13 Iron Casting
35:13 Gold Mining
35:13 Stone Mining
37:06 Blast Furnace
36:44 Hand Cart
37:24 Conscription
37:34 Elite Battle Elephant
Baratinha
4:18 Loom
11:30 Feudal Age
16:12 Castle Age
14:24 Double-Bit Axe
15:07 Gold Mining
15:32 Horse Collar
17:10 Wheelbarrow
17:25 Bow Saw
23:07 Heavy Plow
28:28 Hand Cart
32:13 Imperial Age
30:57 Town Watch
31:18 Scale Mail Armor
31:28 Forging
32:03 Gold Shaft Mining
31:19 Stone Mining
32:23 Ballistics
32:01 Pikeman
32:43 Squires
32:52 Halberdier
33:51 Chain Mail Armor
34:12 Iron Casting
34:52 Two-Man Saw
35:05 Conscription
36:02 Plate Mail Armor
36:04 Druzhina
38:29 Blast Furnace
38:49 Crop Rotation
39:01 Fletching
39:11 Padded Archer Armor
40:14 Chemistry
TDI
11:00 Feudal Age
12:33 Double-Bit Axe
14:48 Castle Age
13:20 Horse Collar
14:15 Gold Mining
14:42 Loom
15:50 Bow Saw
16:30 Fletching
16:57 Crossbowman
18:52 Bodkin Arrow
21:20 Gold Shaft Mining
22:32 Ballistics
24:46 Stone Mining
27:05 Wheelbarrow
31:40 Heavy Plow
37:57 Fortified Wall
DounutNinja
8:51 Loom
11:18 Feudal Age
12:12 Double-Bit Axe
16:27 Horse Collar
20:50 Castle Age
20:14 Wheelbarrow
21:49 Gold Mining
22:13 Bow Saw
25:32 Town Watch
25:58 Gold Mining
25:59 Stone Mining
30:07 Bloodlines
29:57 Husbandry
36:14 Imperial Age
33:54 Scale Barding Armor
34:04 Corvinian Army
35:49 Light Cavalry
36:19 Cavalier
36:45 Hussar
38:19 Hand Cart
38:04 Town Patrol
Kiwi
0:26 Loom
10:27 Feudal Age
14:19 Castle Age
12:49 Double-Bit Axe
13:01 Horse Collar
15:26 Bow Saw
16:07 Heavy Plow
21:11 Wheelbarrow
21:10 Gold Mining
24:36 Hand Cart
24:18 Stone Mining
27:38 Imperial Age
25:18 Scale Mail Armor
25:46 Squires
25:32 Arson
26:15 Chain Mail Armor
27:05 Forging
28:31 Iron Casting
27:44 Elite Fire Lancer
28:56 Plate Mail Armor
29:22 Heavy Rocket Cart
30:25 Masonry
32:58 Chemistry
31:52 Town Watch
33:09 Conscription
33:36 Coinage
35:30 Fortified Wall
36:22 Banking
37:55 Blast Furnace
36:48 Pikeman
37:53 Caravan
38:50 Scale Barding Armor
Kaydos
0:29 Loom
9:09 Feudal Age
9:17 Man-at-Arms
16:49 Wheelbarrow
16:33 Double-Bit Axe
18:31 Fletching
21:19 Castle Age
20:28 Gold Mining
22:30 Horse Collar
23:33 Bow Saw
26:43 Heavy Plow
27:43 Hand Cart
34:23 Imperial Age
32:48 Town Watch
33:13 Stone Mining
34:02 Thumb Ring
34:44 Bodkin Arrow
34:49 Capped Ram
36:21 Conscription
36:06 Bracer
36:06 Padded Archer Armor
36:29 Ballistics
35:57 Crossbowman
37:05 Arbalester
39:50 Chemistry
39:07 Leather Archer Armor
Connection lost

Rejoining the realm…

Still unreachable

The connection could not be restored.

Session expired

The server has moved on; the page needs a fresh start.